 Dungeon Crawl Stone Soup version 0.21.1-1-g345015f (webtiles) character file.

210 kae the Insei (level 5, -2/35 HPs)
             Began as an Octopode Transmuter on June 11, 2018.
             Slain by an orc
             ... wielding a +0 mace
              (6 damage)
             ... on level 3 of the Dungeon.
             The game lasted 00:02:23 (2951 turns).

kae the Insei (Octopode Transmuter)                 Turns: 2951, Time: 00:02:24

Health: -2/35      AC:  1    Str:  9    XL:     5   Next: 88%
Magic:  4/9        EV: 14    Int: 16    God:
Gold:   101        SH:  0    Dex: 13    Spells: 3/9 levels left

rFire    . . .     SeeInvis .     - Unarmed
rCold    . . .     Gourm    .   (no shield)
rNeg     . . .     Faith    .   (helmet restricted)
rPois    .         Spirit   .   (no amulet)
rElec    .         Reflect  .   (no ring)
rCorr    .         Harm     .   (no ring)
MR       .....                  (no ring)
Stlth    ++........             (no ring)
HPRegen  0.11/turn              (no ring)
MPRegen  0.11/turn              (no ring)
                                (no ring)
                                (no ring)

@: no status effects
A: almost no armour, stealthy swim, amphibious, 8 rings, constrict 8, camouflage
1, gelatinous body 1
a: no special abilities


You were on level 3 of the Dungeon.
You were not hungry.

You visited 1 branch of the dungeon, and saw 3 of its levels.

You collected 101 gold pieces.

Inventory:

Missiles
 a - 56 arrows
Jewellery
 d - an uncursed amulet of regeneration {unknown}
 n - an uncursed ring of protection from magic {unknown}
Wands
 k - a wand of polymorph (14)
Scrolls
 g - 2 scrolls of enchant weapon
Potions
 e - a potion of agility {unknown}
 h - 2 potions of curing
 i - a potion of flight {unknown}
 j - 2 potions of lignification
 m - a potion of degeneration {unknown}
Books
 b - a book of Changes

   Spells                             Type                      Level
   a - Beastly Appendage              Transmutation                1
   b - Sticks to Snakes               Transmutation                2
   c - Spider Form                    Transmutation/Poison         3
   d - Ice Form                       Ice/Transmutation            4
   e - Blade Hands                    Transmutation                5
 l - a book of Cantrips

   Spells                             Type                      Level
   a - Confusing Touch                Hexes                        1
   b - Animate Skeleton               Necromancy                   1
   c - Summon Small Mammal            Summoning                    1
   d - Apportation                    Translocation                1
Comestibles
 c - 6 rations
 f - 3 chunks of flesh


   Skills:
 + Level 2.3 Fighting
 + Level 2.8 Dodging
 * Level 4.3 Unarmed Combat
 + Level 2.8 Spellcasting
 + Level 3.0 Transmutations


You had 3 spell levels left.
You knew the following spells:

 Your Spells              Type           Power        Failure   Level  Hunger
a - Beastly Appendage     Tmut           ##....       5%          1    #......
b - Sticks to Snakes      Tmut           ##......     9%          2    ##.....
c - Spider Form           Tmut/Pois      #.........   30%         3    ###....


Dungeon Overview and Level Annotations

Branches:
Dungeon (3/15)

Altars:
Cheibriados
Trog

Annotations:
D:3 exclusions: orc and orc priest


Innate Abilities, Weirdness & Mutations

You cannot wear most types of armour.
You are very stealthy in the water. (Stealth+)
You are amphibious.
You can wear up to eight rings at the same time.
You can use your tentacles to constrict eight enemies at once.
Your skin changes colour to match your surroundings (Stealth+).
Your rubbery body absorbs attacks. (AC +1, EV +1)


Message History

The orc closely misses you.
Your ball python bites the orc priest but does no damage.
An orc comes into view.
You tentacle-slap the orc priest. You squeeze the orc priest!
The orc priest is almost dead.
You constrict the orc priest, but do no damage.
The orc closely misses you. The orc priest hits you with a club.
* * * LOW HITPOINT WARNING * * *
Your ball python bites the orc priest but does no damage.
You tentacle-slap the orc priest.
You kill the orc priest!
The orc hits you with a mace.
* * * LOW HITPOINT WARNING * * *
The orc closely misses you.
Your ball python closely misses the orc.
Your ball python barely misses the orc.
Some of the chunks of flesh in your inventory have rotted away.
The orc closely misses your water moccasin.
The orc hits you with a mace.
You die...

...###...### #....# o..
....# #....# .. #....#
...# #....# .....
#....#.###### #
.....o##..†.#.#.... .#
≈..oo.woS.........##.##.#
≈≈≈.≈.o#S####.#.#.......#
≈#≈#≈≈ooo@..#.#.#...)####
≈≈≈≈≈.#.##.# #.<....#
#####.#.# # #......#
#.#.# #......# #.#.#
#......# #.#.# #......#
... #......# #. #...####
....#


You could see a worm, an orc priest, 7 orcs, a friendly water moccasin and a
friendly ball python.

Vanquished Creatures
  An orc priest (D:3)
  An orc wizard (D:2)
  3 adders (D:2)
  3 gnolls (D:3)
  A river rat (D:3)
  2 oozes (D:1)
  A worm (D:3)
  4 dart slugs
  3 leopard geckos
  2 orcs
  7 bats
  3 giant cockroaches
  6 goblins
  5 hobgoblins
  4 jackals (D:3)
  8 kobolds
  A frilled lizard (D:1)
  9 rats
64 creatures vanquished.

Vanquished Creatures (collateral kills)
  A worm (D:2)
  2 orcs (D:2)
  A bat (D:3)
  A hobgoblin (D:3)
  A rat (D:2)
6 creatures vanquished.

Grand Total: 70 creatures vanquished

Notes
Turn   | Place    | Note
-------+----------+-------------------------------------------
     0 | D:1      | kae the Octopode Transmuter began the quest for the Orb.
     0 | D:1      | Reached XP level 1. HP: 13/13 MP: 3/3
   106 | D:1      | Reached XP level 2. HP: 18/18 MP: 3/5
   767 | D:1      | Reached XP level 3. HP: 15/23 MP: 6/6
  1861 | D:2      | Reached XP level 4. HP: 19/29 MP: 7/7
  1981 | D:2      | Learned a level 2 spell: Sticks to Snakes
  1985 | D:2      | Learned a level 3 spell: Spider Form
  2088 | D:2      | Found a snail-covered altar of Cheibriados.
  2445 | D:2      | Reached XP level 5. HP: 34/34 MP: 6/8
  2657 | D:3      | Found a bloodstained altar of Trog.
  2658 | D:3      | Noticed a moth of wrath
  2679 | D:3      | Reached skill level 4 in Unarmed Combat
  2951 | D:3      | Slain by an orc

Skill      XL: |  1  2  3  4  5 |
---------------+----------------+-----
Fighting       | 2 |  2.3
Unarmed Combat | 4 |  4.3
Transmutations | 3 |  3.0
Dodging        | |  2.8
Spellcasting   | |  2.8

Action                   |  1- 3 |  4- 6 || total
-------------------------+-------+-------++-------
Melee: Unarmed           |    65 |    89 ||   154
       Kick              |    16 |    10 ||    26
       Constrict         |    18 |    24 ||    42
       Tentacles         |     7 |    15 ||    22
       Punch             |     2 |       ||     2
 Cast: Beastly Appendage |    15 |     8 ||    23
       Sticks to Snakes  |       |     8 ||     8
       Spider Form       |       |     1 ||     1
  Use: Scroll            |     6 |     2 ||     8
       Potion            |       |     1 ||     1
 Stab: Sleeping          |     3 |     3 ||     6
  Eat: Chunk             |     3 |     4 ||     7
Armor: Skin              |     9 |     8 ||    17
Dodge: Dodged            |    42 |    71 ||   113
